 Dungeon Crawl Stone Soup version 0.24-a0-244-ga6a6ab7 (webtiles) character file.

Game seed: 17340955998141385965

259 Ijustatesigmund the Chopper (level 6, 0/44 HPs)
             Began as an Octopode Fighter on Apr 10, 2019.
             Slain by an orc
             ... wielding a +0 flail
              (2 damage)
             ... on level 5 of the Dungeon.
             The game lasted 00:03:49 (1822 turns).

Ijustatesigmund the Chopper (Octopode Fighter)      Turns: 1822, Time: 00:03:50

Health: 0/44       AC:  1    Str: 21    XL:     6   Next: 17%
Magic:  6/6        EV: 12    Int: 10    God:
Gold:   62         SH:  9    Dex: 13    Spells: 5/5 levels left

rFire    + . .     SeeInvis .   a - +2 war axe
rCold    . . .     Gourm    .   b - +0 shield
rNeg     . . .     Faith    .   (helmet restricted)
rPois    .         Spirit   .   (no amulet)
rElec    .         Reflect  .   (no ring)
rCorr    .         Harm     .   (no ring)
MR       .....     Rnd*Rage +   (no ring)
Stlth    ++........             (no ring)
HPRegen  0.14/turn              (no ring)
MPRegen  0.10/turn              (no ring)
                                (no ring)
                                (no ring)

@: mighty, flying
A: almost no armour, stealthy swim, amphibious, 8 rings, constrict 8, camouflage
1, berserk 1, fire resistance 1, gelatinous body 1
a: no special abilities


You were on level 5 of the Dungeon.
You were hungry.

You visited 1 branch of the dungeon, and saw 5 of its levels.

You collected 62 gold pieces.

Inventory:

Hand Weapons
 a - a +2 war axe (weapon)
Armour
 b - a +0 shield (worn)
Potions
 c - a potion of might
 f - a potion of berserk rage
Comestibles
 d - 6 rations


   Skills:
 + Level 4.5 Fighting
 * Level 5.2 Axes
 - Level 3.0 Dodging
 - Level 3.0 Shields


You had 5 spell levels left.
You didn't know any spells.
Your spell library was empty.

Dungeon Overview and Level Annotations

Branches:
Dungeon (6/15)
 Temple: D:4-7

Altars:


Innate Abilities, Weirdness & Mutations

You cannot wear most types of armour.
You are very stealthy in the water. (Stealth+)
You are amphibious.
You can wear up to eight rings at the same time.
You can use your tentacles to constrict eight enemies at once.
Your skin changes colour to match your surroundings (Stealth+).
Your rubbery body absorbs attacks. (AC +1, EV +1)
You tend to lose your temper in combat.
Your flesh is heat resistant. (rF+)


Message History

* * * LOW HITPOINT WARNING * * *
The orc hits you with a +0 flail!
* * * LOW HITPOINT WARNING * * *
It was a potion of mutation.
You feel extremely strange.
You feel a little pissed off.
You feel resistant to heat. The orc wizard closely misses you.
It was a potion of flight.
You feel very buoyant.
You fly up into the air.
The orc closely misses you. The orc wizard casts a spell at you.
The puff of flame misses you.
You feel very mighty all of a sudden. The orc misses you.
The orc wizard barely misses you.
You slice the orc wizard!!
You kill the orc wizard!
You barely miss the orc. You block the orc's attack.
You barely miss the orc. Your grab misses the orc.
The orc is severely wounded.
The orc hits you with a +0 flail.
You die...

..##........(.##
.....#...≈≈≈♣..#
.........P≈≈♣.)##
##.......#≈≈(#..#######
####....#(P.#........#
####.##..#........#
#.###.#........#. #.
..##.........
#####.@..#....
#....)o....###
#'####.#..## #.<.....#
#.......# #....##.#
#(#(... # ..#.....
..+....##


You could see an orc.

Vanquished Creatures
  A centaur (D:5)
  A hound (D:5)
  A bullfrog skeleton (D:5)
  An orc wizard (D:5)
  A worker ant (D:6)
  An adder (D:2)
  An ooze (D:1)
  2 worms (D:2)
  2 dart slugs
  4 orcs (D:5)
  4 bats
  A giant cockroach (D:2)
  6 hobgoblins (D:1)
  9 jackals
  A quokka (D:2)
  2 frilled lizards (D:1)
  3 goblins
  4 kobolds
  5 rats
50 creatures vanquished.

Notes
Turn   | Place    | Note
-------+----------+-------------------------------------------
     0 | D:1      | Ijustatesigmund the Octopode Fighter began the quest for
                  | the Orb.
     0 | D:1      | Reached XP level 1. HP: 16/16 MP: 1/1
   149 | D:1      | Reached XP level 2. HP: 17/21 MP: 2/2
   443 | D:1      | Reached skill level 3 in Axes
   443 | D:1      | Reached XP level 3. HP: 26/26 MP: 3/3
  1545 | D:2      | Reached XP level 4. HP: 32/32 MP: 4/4
  1650 | D:3      | You fall through a shaft for 3 floors!
  1662 | D:6      | Reached skill level 4 in Axes
  1702 | D:5      | Entered Level 5 of the Dungeon
  1717 | D:5      | Reached XP level 5. HP: 28/37 MP: 5/5
  1761 | D:5      | Noticed a centaur
  1772 | D:5      | Killed a centaur
  1772 | D:5      | Reached skill level 5 in Axes
  1772 | D:5      | Reached XP level 6. HP: 15/44 MP: 6/6
  1817 | D:5      | HP: 2/44 [orc/+0 flail (9)]
  1818 | D:5      | Gained mutation: You tend to lose your temper in combat.
                  | [potion of mutation]
  1818 | D:5      | Gained mutation: Your flesh is heat resistant. (rF+)
                  | [potion of mutation]
  1822 | D:5      | Slain by an orc

Levels and vault maps discovered:
D:1:      lightli_arrival_maybe_door_vault, layout_loops_ring
D:2:      layout_basic, first_ration, kennysheep_generic_room_13
D:3:      layout_loops_corners, chequers_temple_overflow_statue_of_worship
D:5:      minmay_chambers_of_fours, layout_basic, serial_shops,
          nicolae_shop_crystal, portal_sewer_entry_e, serial_bayou_pond_d
D:6:      layout_basic, nicolae_overflow_hidden_temple, basic_altar

Skill      XL: |  1  2  3  4  5 |
---------------+----------------+-----
Axes           | 3 4 5 |  5.2
Fighting       | 4 |  4.5
Dodging        | |  3.0
Shields        | |  3.0

Action                   |  1- 3 |  4- 6 || total
-------------------------+-------+-------++-------
Melee: War axe           |    68 |    19 ||    87
       Constrict         |    23 |     5 ||    28
       Tentacles         |    10 |     4 ||    14
Throw: Javelin           |       |     6 ||     6
  Use: Scroll            |     5 |     4 ||     9
       Potion            |       |     3 ||     3
 Stab: Sleeping          |     8 |     1 ||     9
  Eat: Chunk             |     2 |       ||     2
Armor: Skin              |     3 |     1 ||     4
Dodge: Dodged            |    22 |    17 ||    39
Block: Shield            |    37 |     9 ||    46

Table legend:
 A = Non-vault XP
 B = Vault XP
 C = Vault XP percentage of total XP
 D = Non-vault monster count
 E = Vault monster count
 F = Vault count percentage of total count
                 A         B        C        D         E       F
            +---------+---------+-------+---------+---------+-------
      Total |     371 |       0 |   0.0 |      50 |       0 |   0.0
            +---------+---------+-------+---------+---------+-------
        D:1 |      43 |       0 |   0.0 |      23 |       0 |   0.0
        D:2 |      52 |       0 |   0.0 |      18 |       0 |   0.0
        D:5 |     244 |       0 |   0.0 |       8 |       0 |   0.0
        D:6 |      32 |       0 |   0.0 |       1 |       0 |   0.0
            +---------+---------+-------+---------+---------+-------
